 Dungeon Crawl Stone Soup version 0.30-a0-772-g5528072125 (webtiles) character file.

Game seed: 9752049585011187777

3154 Ekaitz the Firebug (level 9, 0/67 HPs)
             Began as a Demonspawn Fire Elementalist on Feb 12, 2023.
             Slain by a wolf (5 damage)
             ... led by Grum
             ... on level 8 of the Dungeon.
             The game lasted 00:34:53 (9351 turns).

Ekaitz the Firebug (Demonspawn Fire Elementalist)   Turns: 9351, Time: 00:34:54

Health: 0/67       AC: 14    Str:  9    XL:     9   Next: 62%
Magic:  7/17       EV: 18    Int: 19    God:
Gold:   309        SH:  0    Dex: 15    Spells: 2/19 levels left

rFire   . . .      SeeInvis +    M - staff of conjuration
rCold   . . .      Faith    .    (no shield)
rNeg    . . .      Spirit   .    a - +0 robe
rPois   .          Reflect  .    (helmet restricted)
rElec   .          Harm     .    (no cloak)
rCorr   .          Rampage  .    r - +1 pair of gloves {infuse}
Will    .....                    I - +0 pair of boots
Stlth   ++                       (no amulet)
HPRegen 0.31/turn                H - ring of see invisible
MPRegen 0.15/turn                (no ring)

@: agile, sanguine armoured
A: horns 1, powered by pain 1, sanguine armour 2
a: no special abilities


You were on level 8 of the Dungeon.
You visited 1 branch of the dungeon, and saw 8 of its levels.

You collected 520 gold pieces.
You spent 211 gold pieces at shops.

Inventory:

Hand Weapons
 d - a +1 short sword of venom
 v - a +2 sling of draining
 A - a +2 flail of protection
 K - a +1 vampiric trident
 L - a +0 morningstar
 O - a +3 long sword of freezing
 P - a +3 scimitar of freezing
 Q - a +3 dagger
Missiles
 t - 15 poisoned darts
 E - a throwing net
Armour
 a - a +0 robe (worn)
 m - a +0 ring mail of fire resistance
 q - a +0 buckler
 r - a +1 pair of gloves of infusion (worn)
 C - a +0 kite shield
 I - a +0 pair of boots (worn)
Magical Staves
 z - a staff of earth
 M - a staff of conjuration (weapon)
Jewellery
 l - an amulet of faith
 H - a ring of see invisible (left hand)
Wands
 s - a wand of light (21)
 y - a wand of charming (11)
 R - a wand of mindburst (17)
 S - a wand of polymorph (4)
Scrolls
 g - 4 scrolls of teleportation {unknown}
 i - 8 scrolls of identify {unknown}
 k - a scroll of poison {unknown}
 u - 5 scrolls of enchant armour {unknown}
 w - 3 scrolls of fog {unknown}
 D - 4 scrolls of enchant weapon {unknown}
 F - 2 scrolls of vulnerability {unknown}
 J - a scroll of fear {unknown}
 T - a scroll of torment {unknown}
Potions
 b - a potion of magic
 c - 6 potions of curing {unknown}
 e - 3 potions of ambrosia {unknown}
 f - 4 potions of haste {unknown}
 h - 4 potions of brilliance {unknown}
 j - a potion of mutation {unknown}
 n - 2 potions of flight {unknown}
 o - a potion of degeneration {unknown}
 p - a potion of might {unknown}
 x - 3 potions of lignification {unknown}
 B - a potion of attraction {unknown}
 G - a potion of heal wounds {unknown}
 N - 2 potions of cancellation {unknown}


   Skills:
 * Level 4.9 Fighting
 + Level 0.2(0.3) Short Blades
 + Level 3.3 Dodging
 + Level 2.9 Stealth
 * Level 0.3 Shields
 + Level 5.6 Spellcasting
 * Level 4.0 Conjurations
 + Level 0.1 Hexes
 * Level 4.1 Translocations
 * Level 7.0 Fire Magic
 * Level 3.0 Air Magic
 + Level 1.6 Poison Magic


You had 2 spell levels left.
You knew the following spells:

 Your Spells              Type           Power      Damage    Failure   Level
a - Foxfire               Conj/Fire      100%       2x1d9     1%          1
b - Scorch                Fire           64%        2d8       1%          2
c - Kindle Blastsparks    Fire/Tloc/Air  46%        2d13      4%          3
d - Poisonous Vapours     Pois/Air       28%        N/A       7%          2
e - Flame Wave            Conj/Fire      39%        2d11      12%         4
i - Inner Flame           Hex/Fire       19%        N/A       8%          3
k - Blink                 Tloc           40%        N/A       3%          2

Your spell library contained the following spells:

 Spells                   Type           Power      Damage    Failure   Level
 Apportation              Tloc           40%        N/A       2%          1
 Lesser Beckoning         Tloc           40%        N/A       3%          2
 Momentum Strike          Conj/Tloc      62%        3d9       3%          2
 Cigotuvi's Dreadful Rot  Necr/Pois/Air  22%        N/A       10%         2
 Necrotise                Necr           20%        1d5       12%         1
 Summon Small Mammal      Summ           20%        N/A       12%         1
 Mephitic Cloud           Conj/Pois/Air  24%        N/A       11%         3
 Alistair's Intoxication  Tmut/Pois      5%         N/A       93%         5


Dungeon Overview and Level Annotations

Branches:
Dungeon (8/15)             Temple (0/1) D:6
   Lair: D:8-11

Altars:
Ashenzari
Gozag
Qazlal
Trog
Xom
Yredelemnul

Shops:
D:1 [   D:3 *   D:5 :   D:6 (

Annotations:
D:4 1 runed translucent door, dolemite99's ghost, amateur DjNe
D:8 Grum


Innate Abilities, Weirdness & Mutations

You have a pair of small horns on your head.
You sometimes gain a little power by taking damage.
When seriously injured, your blood forms thick armour. (AC +9)


Message History

The shadow imp attacks as you move away!
The shadow imp hits you but does no damage.
The wolf bites you. The wolf barely misses you. The wolf bites you.
The wolf barely misses you. The wolf bites you but does no damage.
The wolf closely misses you.
The shadow imp summons a swarm of flies.
Grum hits you from afar with a +1 spear!
The wolf bites you. x2
* * * LOW HITPOINT WARNING * * *
Grum hits you from afar with a +1 spear!
* * * LOW HITPOINT WARNING * * *
You focus on the pain.
You feel agile all of a sudden. The wolf closely misses you.
Casting: Poisonous Vapours (safe; 7% risk of failure)
Confirm with . or Enter, or press ? or * to list all spells.
Casting: Flame Wave (dangerous; 13% risk of failure)
Press: ? - help, Dir - look around, f - activate You feel a surge of power!
A wave of flame ripples out!
The flame wave engulfs the wolf!
The wolf is severely wounded.
The flame wave engulfs the wolf.
The wolf is moderately wounded.
The flame wave engulfs the wolf!
You kill the wolf! (Press . to intensify the flame waves.)
The wolf closely misses you. The wolf bites you but does no damage.
The wolf closely misses you. The wolf bites you but does no damage.
Grum misses you.
Your Conjurations skill increases to level 4!
A wave of flame ripples out!
The flame wave engulfs the wolf!
You kill the wolf!
The flame wave engulfs the wolf!
The wolf is severely wounded.
The flame wave engulfs the shadow imp!
The shadow imp is almost dead.
The flame wave engulfs Grum.
Grum is moderately wounded.
The wolf bites you.
You die...

#..... #....# # #....#....#
# #....#....# ...#......#
#....#....#....#......#
#...#....#....#....#......#
#...#....#....#... #......#
#...#....#@.g#######......#
#...#....#h5.#c__..#......#
#...#....#...#w_..>#......#
#...#....#...#.__..#..))..'
#...#....#...#._._.#..)...#
#...'....#...#...._#.)#####
#...#...)#...#######..#..).
#...#....#............#....
#...#<...#............+....


You could see Grum (poisoned), a wolf, a worm and a shadow imp.

Vanquished Creatures
  Eustachio (D:3)
  A steam dragon (D:7)
  Menkaure (D:7)
  An acid dragon (D:8)
  A water moccasin (D:7)
  Duvessa (D:7)
  An ice beast (D:7)
  An orc warrior (D:6)
  A sky beast (D:6)
  A black bear (D:5)
  An ogre (D:4)
  2 wolves (D:8)
  A centaur (D:8)
  2 bullfrogs
  A kobold brigand (D:8)
  A necrophage (D:5)
  2 scorpions
  A gnoll sergeant (D:5)
  3 wights (D:7)
  Dowan (D:7)
  6 killer bees (D:7)
  2 jellies
  3 orc priests
  A gnoll bouda (D:5)
  4 hounds
  4 iguanas
  9 orc wizards
  11 gnolls (D:5)
  7 adders
  A shadow imp (D:6)
  3 worms
  2 dart slugs
  31 orcs
  8 ball pythons
  4 bats
  8 endoplasms
  8 giant cockroaches
  8 goblins
  5 hobgoblins
  4 jackals (D:3)
  13 kobolds
  3 quokkas
  4 frilled lizards
  7 rats
181 creatures vanquished.

Vanquished Creatures (others)
  413 foxfires
413 creatures vanquished.

Grand Total: 594 creatures vanquished

Notes
Turn   | Place    | Note
-------+----------+-------------------------------------------
     0 | D:1      | Ekaitz the Demonspawn Fire Elementalist began the quest for
                  | the Orb.
     0 | D:1      | Reached XP level 1. HP: 13/13 MP: 3/3
    68 | D:1      | Found Posar's Armour Shoppe.
   167 | D:1      | Reached skill level 3 in Fire Magic
   220 | D:1      | Gained mutation: You have a pair of small horns on your
                  | head. [demonic ancestry]
   220 | D:1      | Reached XP level 2. HP: 19/19 MP: 1/5
   223 | D:1      | Learned a level 2 spell: Scorch
  1240 | D:1      | Gained mutation: When seriously injured, your blood forms
                  | armour. (AC +9) [demonic ancestry]
  1240 | D:1      | Reached XP level 3. HP: 25/25 MP: 6/6
  1244 | D:1      | Learned a level 3 spell: Kindle Blastsparks
  1859 | D:2      | Reached skill level 1 in Fighting
  1991 | D:2      | Reached XP level 4. HP: 30/32 MP: 3/7
  2668 | D:3      | Found Yvauch's Assorted Antiques.
  2695 | D:2      | Learned a level 2 spell: Poisonous Vapours
  2984 | D:3      | Reached XP level 5. HP: 34/39 MP: 4/8
  3199 | D:3      | Bought a pair of glowing gloves for 157 gold pieces
  3389 | D:4      | Reached skill level 4 in Fire Magic
  3536 | D:4      | Noticed Eustachio
  3703 | D:3      | Killed Eustachio
  3704 | D:3      | Reached skill level 1 in Translocations
  3704 | D:3      | Reached XP level 6. HP: 3/46 MP: 0/10
  3907 | D:4      | Reached skill level 1 in Air Magic
  3961 | D:4      | Found a runed translucent door.
  3962 | D:4      | Noticed dolemite99's ghost (amateur DjNe)
  3974 | D:4      | Found a stormy altar of Qazlal.
  4598 | D:3      | Bought a smoky orange potion for 18 gold pieces
  4598 | D:3      | Bought a white potion for 18 gold pieces
  4598 | D:3      | Bought a coppery potion for 18 gold pieces
  4623 | D:5      | Entered Level 5 of the Dungeon
  4681 | D:5      | Gained mutation: When seriously injured, your blood forms
                  | thick armour. (AC +9) [demonic ancestry]
  4681 | D:5      | Reached XP level 7. HP: 51/51 MP: 3/12
  4905 | D:5      | Found a bloodstained altar of Trog.
  5031 | D:5      | Learned a level 2 spell: Blink
  5453 | D:5      | Found Quset's Self-Improvement Boutique.
  6009 | D:5      | Gained mutation: You sometimes gain a little power by
                  | taking damage. [demonic ancestry]
  6009 | D:5      | Reached XP level 8. HP: 58/58 MP: 11/14
  6041 | D:5      | Reached skill level 1 in Poison Magic
  6406 | D:6      | Reached skill level 5 in Fire Magic
  6621 | D:6      | Found a staircase to the Ecumenical Temple.
  6772 | D:6      | Found Mefesm's Weapon Shop.
  6896 | D:6      | Found a broken altar of Ashenzari.
  6955 | D:6      | Found a basalt altar of Yredelemnul.
  7380 | D:6      | Reached skill level 5 in Spellcasting
  7386 | D:6      | Learned a level 3 spell: Inner Flame
  7473 | D:7      | Noticed Duvessa
  7473 | D:7      | Noticed Dowan
  7592 | D:6      | Learned a level 4 spell: Flame Wave
  7755 | D:7      | Noticed Menkaure
  7760 | D:7      | Killed Menkaure
  7761 | D:7      | Reached skill level 6 in Fire Magic
  7886 | D:7      | Killed Dowan
  7887 | D:7      | Reached XP level 9. HP: 50/65 MP: 6/16
  8255 | D:7      | Killed Duvessa
  8943 | D:8      | Reached skill level 7 in Fire Magic
  9006 | D:8      | Found a shimmering altar of Xom.
  9007 | D:8      | Found a shimmering altar of Xom.
  9007 | D:8      | Found a shimmering altar of Xom.
  9020 | D:8      | Found a shimmering altar of Xom.
  9020 | D:8      | Found a shimmering altar of Xom.
  9020 | D:8      | Found a shimmering altar of Xom.
  9021 | D:8      | Found a shimmering altar of Xom.
  9194 | D:8      | Identified the +8 long sword of the Doomed Warrior {holy,
                  | *Slow Str+5}
  9228 | D:8      | Found an opulent altar of Gozag.
  9337 | D:8      | Found a shimmering altar of Xom.
  9341 | D:8      | Noticed Grum
  9351 | D:8      | Slain by a wolf

Illustrated notes

Levels and vault maps discovered:
D:1:      mainiacjoe_arrival_reflecting_pool, layout_basic, serial_shops, shop,
          nicolae_concentric_dashed_squares_wild, interstate_on_off,
          amcnicky_mini_pool_small
D:2:      layout_basic
D:3:      layout_rooms, serial_shops, shop_statue
D:4:      minmay_inner_zag, layout_cave_pools, mainiacjoe_overflow_boulevard,
          gammafunk_ghost_grave, hangedman_abyss_or_decor_stabs,
          kennysheep_flooded_box, uniq_eustachio
D:5:      layout_loops_ring, lemuel_tele_altar, nicolae_shop_self_help
D:6:      layout_cave_pools, nicolae_overflow_hidden_temple, temple_statues,
          serial_shops, nicolae_shop_bloodbath_and_beyond,
          hangedman_feature_mirror, minmay_misc_feat_secret_circle
D:7:      layout_rooms, uniq_menkaure, uniq_duvessa
D:8:      layout_gridville, xom_shifter_show, grunt_gozag_statues, uniq_grum

Skill      XL: |  1  2  3  4  5  6  7  8  9 |
---------------+----------------------------+-----
Fire Magic     | 3 4 6 7 |  7.0
Dodging        | 2 3 |  3.3
Fighting       | 1 2 3 4 |  4.9
Stealth        | 2 |  2.9
Spellcasting   | 3 4 5 |  5.6
Conjurations   | 2 3 4 |  4.0
Translocations | 1 2 3 4 |  4.1
Air Magic      | 1 2 3 |  3.0
Poison Magic   | 1 |  1.6
Short Blades   | |  0.2
Shields        | |  0.3
Hexes          | |  0.1

Action                     |  1- 3 |  4- 6 |  7- 9 || total
---------------------------+-------+-------+-------++-------
  Melee: Dagger            |    22 |    72 |    19 ||   113
         Headbutt          |     4 |    16 |     7 ||    27
         Punch             |       |       |     1 ||     1
         Short sword       |       |       |     5 ||     5
         Long sword        |       |       |     5 ||     5
         Scimitar          |       |       |     2 ||     2
   Cast: Foxfire           |    39 |    45 |   149 ||   233
         Scorch            |    16 |    18 |    55 ||    89
         Poisonous Vapours |       |     9 |    21 ||    30
         Kindle Blastspark |       |       |     9 ||     9
         Inner Flame       |       |       |     3 ||     3
         Blink             |       |       |     2 ||     2
         Flame Wave        |       |       |     1 ||     1
  Evoke: Wand              |       |     1 |       ||     1
   Stab: Sleeping          |     6 |     5 |     2 ||    13
 Armour: Robe              |    26 |    73 |    29 ||   128
  Dodge: Dodged            |    55 |   137 |    92 ||   284

Table legend: (Time is in decaauts)
 A = Elapsed time spent in this place.
 B = Non-inter-level travel time spent in this place.
 C = Inter-level travel time spent in this place.
 D = Time resting spent in this place.
 E = Time spent auto-exploring this place.
 F = Levels seen in this place.
 G = Mean time per level.
                   A        B        C        D        E       F      G
               +--------+--------+--------+--------+--------+-----+--------+
         Total |   9356 |   8970 |    386 |    790 |   6376 |   8 | 1169.5 |
       Dungeon |   9356 |   8970 |    386 |    790 |   6376 |   8 | 1169.5 |
               +--------+--------+--------+--------+--------+-----+--------+

Top non-repeatable levels by time:
     D:5: 1825 daAuts
     D:1: 1276 daAuts
     D:2: 1239 daAuts
     D:6: 1136 daAuts
     D:7: 1120 daAuts
     D:4: 1095 daAuts
     D:3: 1051 daAuts
     D:8: 612 daAuts
